 Seeded DCSS version 0.29.1-15-g9cfb28693d (webtiles) character file.

Game seed: 11851575853161599096 (custom seed)

21852 Sanktem7 the Severer (level 12, -1/166 HPs)
             Began as a Minotaur Fighter on Mar 14, 2023.
             Was the Champion of Okawaru.
             Slain by a merfolk
             ... wielding a +0 trident
              (10 damage)
             ... on level 3 of the Lair of Beasts.
             The game lasted 00:17:38 (10787 turns).

Sanktem7 the Severer (Minotaur Fighter)            Turns: 10787, Time: 00:17:38

Health: -1/166     AC: 26    Str: 24    XL:     12   Next: 57%
Magic:  12/14      EV:  2    Int:  9    God:    Okawaru [******]
Gold:   721        SH: 32    Dex: 12    Spells: 11/11 levels left

rFire   . . .      SeeInvis .   n - +4 war axe "Dragonslayer" {pain, Fly rPois, axe}
rCold   . . .      Faith    .   M - +8 tower shield of the Cartwright {+Blink Fly}
rNeg    . . .      Spirit   .   (body armour currently unavailable)
rPois   +          Reflect  +   (helmet currently unavailable)
rElec   .          Harm     .   (cloak currently unavailable)
rCorr   .          Rampage  .   (gloves currently unavailable)
Will    .....      NoTele   +   (boots currently unavailable)
Stlth   +++.......              o - amulet "Kisy" {Reflect Int+4 SH+5}
HPRegen 0.37/turn               h - +4 ring of slaying
MPRegen 0.14/turn               q - +4 ring of evasion

@: tree-form, heroic, mesmerised, studying Short Blades
A: stationary, stasis, torment immunity, boosted hp, (horns 2), (retaliatory
headbutt)
a: Renounce Religion, Evoke Blink, Heroism, Finesse, Duel


You were on level 3 of the Lair of Beasts.
You worshipped Okawaru.
Okawaru was exalted by your worship.
You were a tree.
You visited 3 branches of the dungeon, and saw 13 of its levels.

You collected 825 gold pieces.
You spent 104 gold pieces at shops.


Innate Abilities, Weirdness & Mutations

You are a tree.
Your roots penetrate the ground, keeping you stationary.
You cannot be teleported.
You are immune to unholy pain and torment.
Your maximum health is greatly increased.
Your equipment is partially melded.
((You have a pair of horns on your head.))
((You reflexively headbutt those who attack you in melee.))


   Skills:
 + Level 11.6(16.6) Fighting
 * Level 15.5(20.5) Axes
 + Level 11.7(16.7) Armour
 + Level 11.6(16.6) Shields
 - Level 5.0 Invocations


You had 11 spell levels left.
You didn't know any spells.
Your spell library contained the following spells:

 Spells                   Type           Power      Damage    Failure   Level
 Necrotise                Necr           0%         1d4       77%         1
 Shock                    Conj/Air       0%         1d3       77%         1
 Static Discharge         Conj/Air       0%         3-3/arc   88%         2
 Gell's Gravitas          Tloc           0%         N/A       98%         3
 Swiftness                Air            0%         N/A       98%         3
 Teleport Other           Tloc           0%         N/A       98%         3
 Vampiric Draining        Necr           0%         2d6       98%         3
 Airstrike                Air            0%         2d(0-16)  100%        4
 Hailstorm                Conj/Ice       0%         3d3       100%        4
 Ice Form                 Ice/Tmut       0%         N/A       100%        4
 Agony                    Necr           0%         N/A       100%        5
 Alistair's Intoxication  Tmut/Pois      0%         N/A       100%        5
 Borgnjor's Vile Clutch   Necr/Erth      0%         N/A       100%        5
 Iskenderun's Battlesphe  Conj           0%         2d6       100%        5
 Lightning Bolt           Conj/Air       0%         1d11      100%        5
 Dispersal                Tloc           0%         N/A       100%        6
 Eringya's Noxious Bog    Tmut/Pois      0%         N/A       100%        6
 Iron Shot                Conj/Erth      0%         9d1       100%        6
 Maxwell's Capacitive Co  Air            0%         ∞         100%        8
 Simulacrum               Ice/Necr       Unusable   N/A       N/A         6
 Spellforged Servitor     Conj/Summ      Unusable   N/A       N/A         7

Inventory:

Hand Weapons
 a - a +6 vampiric broad axe {axe}
   (You acquired it on level 8 of the Dungeon)
 n - the +4 war axe "Dragonslayer" (weapon) {pain, Fly rPois, axe}
   (You acquired it on level 8 of the Dungeon)

   In the hands of one skilled in necromantic magic, it inflicts extra damage on
   living creatures.
   rPois:     It protects you from poison.
   Fly:       It grants you flight.
 I - a +1 whip of flaming {mace}
   (You took it off a gnoll bouda on level 8 of the Dungeon)
Missiles
 b - 32 poisoned darts (quivered) {throwing}
 s - 5 boomerangs {throwing}
 y - a javelin {throwing}
 D - 6 curare-tipped darts {=fthrowing}
Armour
 u - the +15 Maxwell's patent armour (melded) {-Cast -Tele rElec Will+ rCorr}
   (You found it on level 3 of the Dungeon)

   rElec:     It insulates you from electricity.
   -Cast:     It prevents spellcasting.
   -Tele:     It prevents most forms of teleportation.
   rCorr:     It protects you from acid and corrosion.
   Will:      It increases your willpower.
 z - a +1 cloak (melded)
   (You found it on level 9 of the Dungeon)
 M - the +8 tower shield of the Cartwright (worn) {+Blink Fly}
   (Okawaru gifted it to you on level 2 of the Lair of Beasts)

   Fly:       It grants you flight.
   +Blink:    It lets you blink.
Jewellery
 h - a +4 ring of slaying (left branch)
   (You found it on level 1 of the Dungeon)
 o - the amulet "Kisy" (around neck) {Reflect Int+4 SH+5}
   (You found it on level 7 of the Dungeon)

   [amulet of reflection]

   It reflects blocked missile attacks.
   Int:       It affects your intelligence (+4).
   SH:        It affects your SH (+5).
 q - a +4 ring of evasion (right branch)
   (You found it on level 2 of the Dungeon)
Wands
 w - a wand of paralysis (25)
   (You found it on level 4 of the Dungeon)
 C - a wand of mindburst (7)
   (You found it on level 1 of the Lair of Beasts)
 G - a wand of flame (62)
   (You found it on level 6 of the Dungeon)
 J - a wand of iceblast (11)
   (You took it off Maurice on level 8 of the Dungeon)
 K - a wand of light (6)
   (You found it on level 1 of the Lair of Beasts)
 O - a wand of digging (2)
   (You found it on level 2 of the Lair of Beasts)
Scrolls
 f - a scroll of enchant armour
 g - a scroll of fog
 i - a scroll of blinking {!r}
 j - a scroll of fear {unknown}
 k - 5 scrolls of teleportation {@r4}
 l - 2 scrolls of poison {!r}
 m - 2 scrolls of noise {!r}
 x - 7 scrolls of identify {@r1}
Potions
 d - 3 potions of might
 e - 4 potions of mutation {!q}
 p - 5 potions of brilliance
 r - 7 potions of haste {@q3}
 t - 8 potions of curing {@q1}
 v - 3 potions of flight
 A - a potion of heal wounds {@q2}
 B - 2 potions of berserk rage {!q}
 F - 2 potions of lignification {!q}
 H - 2 potions of invisibility
 N - a potion of ambrosia {unknown}

Dungeon Overview and Level Annotations

Branches:
Dungeon (9/15) Zot: 24949  Temple (0/1) D:5            Lair (3/5) D:9 Zot: 14545
  Snake (1/4) Lair:2 Zot: 5972
  Swamp: Lair:2-3    Shoals: Lair:2-3       Orc: D:9-12

Altars:
Okawaru
Uskayaw
Wu Jian
Yredelemnul

Shops:
D:4 [   D:5 [   D:7 *

Annotations:
D:7 1 runed translucent door, AppTheSpectator's ghost, novice MiHu
Snake:1 Roxanne

#.#..#..P#.## #...#
##..........###...#
#.........P..##...##
###............##....#
............PY..†...##
#......Y..Y.P.†.....#
#....h.m....##.....##
##..SSlml..###P<...#
#..hw♣hm#### ###+###
#.###..### # #.)...##
##..P..## ##.#..P.#
#.......# #...##..#
#........+
#...#.....#.#


You could see a torpor snail, 2 merfolk, 2 komodo dragons, a merfolk siren
(mesmerising), 3 yaks, 2 water moccasins and 3 wolves.


Message History

You take 28 damage, and now have 9/111 hp.
MASSIVE DAMAGE!! (PAUSE) It was a potion of lignification.
You turn into a tree.
Your +1 cloak melds into your body.
The +15 Maxwell's patent armour {-Cast -Tele rElec Will+ rCorr} melds into your body.
Your roots penetrate the ground.
You feel yourself speed up. The wolf bites you.
* * * LOW HITPOINT WARNING * * *
You block the water moccasin's attack.
The merfolk throws a boomerang.
You reflect the boomerang off an invisible shield around you!
The boomerang misses the merfolk.
A yak comes into view.
You block the torpor snail's attack.
Being near the torpor snail leaves you feeling lethargic.
You block the wolf's attack.
The komodo dragon bites you but does no damage.
The water moccasin bites you but does no damage.
The merfolk siren chants its luring song.
The merfolk completely misses you. You block the merfolk's attack.
You block the torpor snail's attack. 😱 HP[+3]
You now have 166 max hp (+55).
You regained 3 hp, and now have 12/166 hp.
It was a potion of heal wounds.
You feel much better.
You feel yourself speed up. The wolf barely misses you.
You block the water moccasin's attack. You block the komodo dragon's attack.
You block the wolf's attack.
The merfolk siren chants its luring song.
The merfolk barely misses you.
The water moccasin bites you but does no damage.
The merfolk throws a boomerang.
The boomerang hits you but does no damage.
You block the komodo dragon's attack.
The torpor snail bites you but does no damage.
Being near the torpor snail leaves you feeling lethargic.
The merfolk siren chants its luring song.
The merfolk hits you but does no damage. 😱 HP[+24]
You regained 24 hp, and now have 36/166 hp.
You gain the combat prowess of a mighty hero.
You feel yourself speed up.
The sentinel's mark upon you fades away.
You block the water moccasin's attack. You block the wolf's attack.
You block the merfolk's attack.
The water moccasin bites you but does no damage.
A yak comes into view.
You block the wolf's attack. The water moccasin bites you.
* * * LOW HITPOINT WARNING * * *
You block the komodo dragon's attack.
The merfolk siren chants its luring song.
The merfolk barely misses you.
The merfolk hits you from afar with a +0 trident!
* * * LOW HITPOINT WARNING * * *
The water moccasin bites you but does no damage.
The torpor snail bites you.
* * * LOW HITPOINT WARNING * * *
Being near the torpor snail leaves you feeling lethargic.
The water moccasin bites you.
* * * LOW HITPOINT WARNING * * *
The wolf bites you but does no damage. 😱 HP[-24] MP[-2]
You take 24 damage, and now have 12/166 hp.
You lost 2 mp, and now have 12/14 mp.
Okay, then.
Aiming: Duel (54% risk of failure)
Press: ? - help, Dir - move target, f - wolf
Aim: a wolf The wolf is not worthy to be dueled!
Aiming: Duel (54% risk of failure)
Press: ? - help, Dir - move target, f - torpor snail, p - wolf
Aim: a torpor snail (almost dead)
You fail to use your ability.
You feel yourself speed up. The wolf bites you but does no damage.
You block the komodo dragon's attack. You block the water moccasin's attack.
The water moccasin bites you.
* * * LOW HITPOINT WARNING * * *
The merfolk siren chants its luring song.
The merfolk hits you from afar with a +0 trident.
* * * LOW HITPOINT WARNING * * *
The merfolk hits you but does no damage.
A yak comes into view.
The wolf bites you but does no damage. You block the komodo dragon's attack.
The water moccasin bites you but does no damage.
You block the torpor snail's attack.
Being near the torpor snail leaves you feeling lethargic.
The water moccasin bites you but does no damage.
The merfolk siren hits you but does no damage.
The merfolk hits you but does no damage. 😱 HP[-4]
You take 4 damage, and now have 8/166 hp.
Aiming: Duel (54% risk of failure)
Press: ? - help, Dir - move target, f/p - torpor snail
Aim: a torpor snail (almost dead)
You fail to use your ability.
You feel yourself speed up. You block the wolf's attack.
The water moccasin bites you but does no damage.
The merfolk hits you from afar with a +0 trident!
You die...

Skill      XL: |  1  2  3  4  5  6  7  8  9 10 11 12 |
---------------+-------------------------------------+-----
Axes           | 3 4 5 6 7 9 10 12 14 15 | 15.5
Armour         | 4 5 6 7 8 9 10 11 | 11.7
Fighting       | 4 5 6 7 8 9 10 11 | 11.6
Shields        | 4 5 6 7 8 9 10 11 | 11.6
Invocations    | 3 4 5 |  5.0

Action                   |  1- 3 |  4- 6 |  7- 9 | 10-12 || total
-------------------------+-------+-------+-------+-------++-------
Melee: War axe           |    59 |    71 |   187 |   352 ||   669
       Headbutt          |     1 |    11 |    37 |    78 ||   127
       Broad axe         |       |       |       |     3 ||     3
       Unarmed           |       |       |       |    23 ||    23
Invok: Heroism           |       |       |       |     1 ||     1
  Use: Scroll            |       |       |       |    17 ||    17
       Potion            |       |       |       |     4 ||     4
Armor: Scale mail        |    31 |       |       |       ||    31
       Plate armour      |       |    50 |   146 |   280 ||   476
       Skin              |       |       |       |    17 ||    17
Dodge: Dodged            |    30 |    33 |    62 |   166 ||   291
Block: Buckler           |    12 |    15 |    41 |   128 ||   196
       Reflection        |       |       |       |    12 ||    12
       Tower shield      |       |       |       |   261 ||   261
       Other             |       |       |       |     7 ||     7

Levels and vault maps discovered:
D:1:      lightli_iron_boxes, layout_basic
D:2:      layout_rooms, shapermc_ecumenical_altar_flowoftime
D:3:      layout_basic, uniq_natasha
D:4:      layout_rooms, serial_shops, nicolae_take_the_stairs,
          uniq_blork_the_orc
D:5:      layout_basic, minmay_temple_entry_stoned_glass, serial_shops,
          nicolae_lakefront_shop, grunt_ministairs_2,
          minmay_misc_feat_more_columns, kennysheep_generic_room_15
D:6:      layout_basic, serial_rivers, chequers_serial_rivers_small_a,
          chequers_serial_rivers_micro_c, chequers_serial_rivers_micro_d,
          chequers_serial_rivers_micro_b, chequers_serial_rivers_small_a
D:7:      layout_basic, chequers_temple_overflow_statue_of_worship,
          serial_shops, shop_statue, hellmonk_ghost_happy_afterlife,
          uniq_duvessa, uniq_joseph
D:8:      layout_loops_ring, amcnicky_altar_gilded, guppyfry_early_elven_hall,
          uniq_maurice
D:9:      kennysheep_blocky_room, layout_long_grid, erik_lair_orcish_takeover
Lair:1:   layout_regular_city, st_stairs_13, chequers_serial_rivers_room_a,
          serial_bayou_shore_a, grunt_megastairs_4, uniq_sonja
Lair:2:   layout_layer_cave, minmay_snake_entry_six_corridors,
          grunt_megastairs_1, uniq_maggie
Lair:3:   layout_roguey, elwin_shoals_entry_stream,
          chequers_serial_rivers_micro_d, minivault_19, grunt_megastairs_3
Snake:1:  layout_gridlike, uniq_kirke, uniq_roxanne

Notes
Turn   | Place    | Note
-------+----------+-------------------------------------------
     0 | D:1      | Sanktem7 the Minotaur Fighter began the quest for the Orb.
     0 | D:1      | Reached XP level 1. HP: 19/19 MP: 0/0
     0 | D:1      | magus.rc [v1.9.6]
    58 | D:1      | Reached XP level 2. HP: 27/27 MP: 1/1
   103 | D:1      | Reached skill level 3 in Axes
   138 | D:1      | Reached skill level 4 in Armour
   155 | D:1      | You pick up a book of Power and begin reading...
   155 | D:1      | You add the spells Iskenderun's Battlesphere, Iron Shot and
                  | Spellforged Servitor to your library.
   216 | D:1      | Reached XP level 3. HP: 33/33 MP: 2/2
   277 | D:1      | Reached skill level 4 in Fighting
   277 | D:1      | Reached skill level 4 in Shields
   771 | D:2      | Found a faded altar of an unknown god.
  1170 | D:3      | Found the +15 Maxwell's patent armour {-Cast -Tele rElec
                  | Will+ rCorr}
  1193 | D:3      | Reached XP level 4. HP: 40/40 MP: 3/3
  1426 | D:3      | Noticed Natasha
  1432 | D:3      | Killed Natasha
  1433 | D:3      | Reached skill level 4 in Axes
  1577 | D:3      | You pick up a book of Air and begin reading...
  1577 | D:3      | You add the spells Shock, Swiftness and Airstrike to your
                  | library.
  1589 | D:3      | Noticed Natasha
  1600 | D:3      | Killed Natasha
  1769 | D:4      | Reached XP level 5. HP: 47/47 MP: 4/4
  1779 | D:4      | Noticed Blork the orc
  1787 | D:4      | Killed Blork the orc
  1788 | D:4      | Reached skill level 5 in Axes
  1954 | D:4      | Reached XP level 6. HP: 53/55 MP: 5/5
  1970 | D:4      | Found Kagucra's Armour Boutique.
  1985 | D:4      | Reached skill level 5 in Fighting
  1985 | D:4      | Reached skill level 5 in Armour
  1985 | D:4      | Reached skill level 5 in Shields
  2219 | D:5      | Entered Level 5 of the Dungeon
  2290 | D:5      | Found Ozadgha's Antique Armour Boutique.
  2365 | D:5      | Reached skill level 6 in Axes
  2390 | D:5      | Reached XP level 7. HP: 37/61 MP: 6/6
  2728 | D:5      | You add the spells Alistair's Intoxication, Borgnjor's Vile
                  | Clutch and Eringya's Noxious Bog to your library.
  2870 | D:5      | Found a staircase to the Ecumenical Temple.
  3316 | D:6      | Reached skill level 7 in Axes
  3316 | D:6      | Reached skill level 6 in Armour
  3386 | D:6      | Reached skill level 6 in Fighting
  3386 | D:6      | Reached skill level 6 in Shields
  3562 | D:6      | Reached XP level 8. HP: 67/70 MP: 7/7
  3614 | D:6      | You pick up a book of Lightning and begin reading...
  3614 | D:6      | You add the spells Static Discharge, Lightning Bolt and
                  | Maxwell's Capacitive Coupling to your library.
  4264 | D:7      | Reached skill level 8 in Axes
  4277 | D:7      | Identified the +1 scale mail of Varoxzih {+Blink Int+5}
  4289 | D:7      | Found Cyud's General Store.
  4449 | D:7      | Bought 2 potions of curing for 78 gold pieces
  4449 | D:7      | Bought a scroll of identify for 26 gold pieces
  4509 | D:7      | Noticed Duvessa
  4510 | D:7      | Noticed Dowan
  4518 | D:7      | Killed Duvessa
  4519 | D:7      | Reached skill level 7 in Fighting
  4519 | D:7      | Reached skill level 7 in Armour
  4520 | D:7      | Killed Dowan
  4521 | D:7      | Reached skill level 7 in Shields
  4680 | D:7      | Found an ornate altar of the Wu Jian Council.
  4681 | D:7      | Found an iron altar of Okawaru.
  4682 | D:7      | Found a hide-covered altar of Uskayaw.
  4710 | D:7      | Reached skill level 9 in Axes
  4731 | D:7      | Became a worshipper of Warmaster Okawaru
  4779 | D:7      | Noticed Joseph
  4787 | D:7      | Killed Joseph
  4788 | D:7      | Reached XP level 9. HP: 60/79 MP: 8/8
  4883 | D:7      | Identified the amulet "Kisy" {Reflect Int+4 SH+5}
  4986 | D:7      | Found a runed translucent door.
  4986 | D:7      | Noticed AppTheSpectator's ghost (novice MiHu)
  5105 | D:7      | You fall into a shaft and drop 2 floors!
  5123 | D:9      | Reached * piety under Okawaru
  5124 | D:9      | Reached skill level 1 in Invocations
  5248 | D:9      | Reached skill level 10 in Axes
  5251 | D:9      | Reached skill level 2 in Invocations
  5274 | D:8      | Reached skill level 8 in Fighting
  5274 | D:8      | Reached skill level 8 in Armour
  5282 | D:8      | Reached ** piety under Okawaru
  5287 | D:8      | Reached skill level 8 in Shields
  5292 | D:8      | Reached skill level 3 in Invocations
  5554 | D:8      | Reached XP level 10. HP: 85/89 MP: 11/11
  5591 | D:8      | Reached skill level 11 in Axes
  5641 | D:8      | Noticed Maurice
  5662 | D:8      | Killed Maurice
  5670 | D:8      | Noticed a deep elf pyromancer
  5675 | D:8      | Killed a deep elf pyromancer
  5675 | D:8      | Reached *** piety under Okawaru
  5807 | D:8      | You cannot blink because you are wearing the +15 Maxwell's
                  | patent armour {-Cast -Tele rElec Will+ rCorr}.
  5810 | D:8      | Identified a scroll of acquirement
  5810 | D:8      | Acquired a +4 vampiric broad axe
  5859 | D:8      | Found a basalt altar of Yredelemnul.
  6048 | D:8      | Acquired the +4 war axe "Dragonslayer" {pain, Fly rPois}
  6322 | D:9      | Noticed a manticore
  6329 | D:9      | Killed a manticore
  6363 | D:9      | Reached skill level 9 in Armour
  6363 | D:9      | Reached skill level 4 in Invocations
  6374 | D:9      | Noticed a wizard
  6386 | D:9      | Killed a wizard
  6387 | D:9      | Reached skill level 9 in Fighting
  6387 | D:9      | Reached skill level 9 in Shields
  6404 | D:9      | Reached **** piety under Okawaru
  6412 | D:9      | Reached skill level 12 in Axes
  6639 | D:9      | Reached ***** piety under Okawaru
  6644 | D:9      | Reached XP level 11. HP: 80/97 MP: 13/13
  6728 | D:9      | Found a staircase to the Lair.
  7315 | Lair:1   | Entered Level 1 of the Lair of Beasts
  7320 | Lair:1   | Reached skill level 5 in Invocations
  7334 | Lair:1   | You pick up a book of the Tundra and begin reading...
  7334 | Lair:1   | You add the spells Hailstorm and Ice Form to your library.
  7346 | Lair:1   | Received a gift from Okawaru
  7371 | Lair:1   | You pick up a book of Necromancy and begin reading...
  7371 | Lair:1   | You add the spells Necrotise, Vampiric Draining and Agony
                  | to your library.
  7410 | Lair:1   | Noticed Sonja
  7437 | Lair:1   | Killed Sonja
  7712 | Lair:1   | Reached skill level 13 in Axes
  7718 | Lair:1   | Reached skill level 10 in Armour
  7847 | Lair:1   | Reached skill level 10 in Shields
  7898 | Lair:1   | Reached skill level 10 in Fighting
  8195 | Lair:1   | You are sucked into a shaft and drop 1 floor!
  8195 | Lair:2   | Found a staircase to the Snake Pit.
  8209 | Lair:2   | HP: 24/99 [poisoned by a black mamba]
  8215 | Lair:2   | HP: 24/99 [water moccasin (2)]
  8513 | Snake:1  | Entered Level 1 of the Snake Pit
  8514 | Snake:1  | Noticed Kirke
  8519 | Snake:1  | Identified Roxanne's Guide on the Ground
  8519 | Snake:1  | Noticed Roxanne
  8520 | Snake:1  | Noticed an anaconda
  8541 | Lair:2   | HP: 17/100 [hog[Kirke] (14)]
  8872 | Lair:2   | Killed Kirke
  8872 | Lair:2   | Identified the +8 tower shield of the Cartwright {+Blink
                  | Fly} (Okawaru gifted it to you on level 2 of the Lair of
                  | Beasts)
  8872 | Lair:2   | Received a gift from Okawaru
  8876 | Lair:2   | Reached skill level 14 in Axes
  9183 | Snake:1  | Noticed a mana viper
  9187 | Snake:1  | Noticed a naga warrior
  9188 | Snake:1  | Killed an anaconda
  9197 | Lair:2   | Killed a mana viper
  9197 | Lair:2   | Reached ****** piety under Okawaru
  9361 | Lair:2   | Reached XP level 12. HP: 69/108 MP: 14/14
  9367 | Lair:2   | Reached skill level 11 in Armour
  9376 | Lair:2   | Reached skill level 11 in Fighting
  9376 | Lair:2   | Reached skill level 11 in Shields
  9920 | Lair:2   | You add the spells Gell's Gravitas, Teleport Other and
                  | Dispersal to your library.
 10304 | Lair:2   | Reached skill level 15 in Axes
 10364 | Lair:2   | Noticed Maggie
 10379 | Lair:2   | Killed Maggie
 10407 | Lair:2   | Identified the +6 hand axe of Bankruptcy {holy, rN+ Str+5
                  | Dex+2}
 10773 | Lair:3   | Received a gift from Okawaru
 10782 | Lair:3   | HP: 21/111 [torpor snail (7)]
 10782 | Lair:3   | HP: 9/111 [merfolk/boomerang (12)]
 10787 | Lair:3   | Slain by a merfolk

Vanquished Creatures
  Kirke (Lair:2)
  An anaconda (Snake:1)
  Sonja (Lair:1)
  A wizard (D:9)
  A mana viper (Lair:2)
  A deep elf pyromancer (D:8)
  A manticore (D:9)
  Maurice (D:8)
  3 elephants (Lair:2)
  5 black mambas (Lair:2)
  A merfolk siren (Lair:3)
  6 cane toads
  Joseph (D:7)
  A rime drake (Lair:3)
  A komodo dragon (Lair:2)
  Maggie (Lair:2)
  3 blink frogs (Lair:2)
  2 dream sheep (Lair:3)
  A wraith (D:9)
  3 wyverns
  2 hogs (Lair:2)
  27 yaks
  3 basilisks
  4 humans
  2 wargs (D:9)
  A naga (Snake:1)
  8 water moccasins
  Duvessa (D:7)
  A sky beast (D:7)
  2 orc warriors (D:9)
  12 wolves
  4 centaurs
  3 ogres
  3 kobold brigands
  A phantom (D:4)
  Blork the orc (D:4)
  12 bullfrogs
  A gnoll sergeant (D:9)
  A necrophage (D:6)
  2 scorpions
  9 wights
  Dowan (D:7)
  4 howler monkeys
  3 electric eels (Lair:1)
  3 jellies
  An orc priest (D:5)
  3 hounds
  2 gnoll boudas
  6 orc wizards
  2 iguanas (D:5)
  Natasha (twice) (D:3)
  5 adders
  13 gnolls
  A shadow imp (D:7)
  2 white imps
  3 dart slugs
  26 orcs
  8 ball pythons
  7 bats
  9 endoplasms
  4 giant cockroaches
  9 goblins
  6 hobgoblins
  7 jackals
  14 kobolds
  4 quokkas
  2 frilled lizards
283 creatures vanquished.

Vanquished Creatures (others)
  3 fungi
  10 plants
13 creatures vanquished.

Grand Total: 296 creatures vanquished

Table legend:
 A = Non-vault XP
 B = Vault XP
 C = Vault XP percentage of total XP
 D = Non-vault monster count
 E = Vault monster count
 F = Vault count percentage of total count
                 A         B        C        D         E       F
            +---------+---------+-------+---------+---------+-------
      Total |   19350 |   11868 |  38.0 |     229 |      50 |  17.9
            +---------+---------+-------+---------+---------+-------
        D:1 |      64 |       0 |   0.0 |      26 |       0 |   0.0
        D:2 |      32 |       0 |   0.0 |      17 |       0 |   0.0
        D:3 |      57 |      35 |  38.0 |      11 |       1 |   8.3
        D:4 |     252 |      91 |  26.5 |      25 |       1 |   3.8
        D:5 |     582 |      59 |   9.2 |      17 |       4 |  19.0
        D:6 |     493 |       0 |   0.0 |      15 |       0 |   0.0
        D:7 |     780 |     604 |  43.6 |      23 |       3 |  11.5
        D:8 |    2048 |     908 |  30.7 |      22 |       2 |   8.3
        D:9 |    3230 |    2590 |  44.5 |      23 |      15 |  39.5
     Lair:1 |    1180 |    2117 |  64.2 |       8 |       8 |  50.0
     Lair:2 |    8326 |    4502 |  35.1 |      33 |      13 |  28.3
     Lair:3 |    1320 |     962 |  42.2 |       7 |       3 |  30.0
    Snake:1 |     986 |       0 |   0.0 |       2 |       0 |   0.0
            +---------+---------+-------+---------+---------+-------

Illustrated notes

Table legend:
 A = Kills in this place as a percentage of kills in entire the game.
 B = Kills by you in this place as a percentage of kills by you in the entire game.
 C = Kills by friends in this place as a percentage of kills by friends in the entire game.
 D = Other kills in this place as a percentage of other kills in the entire game.
 E = Experience gained in this place as a percentage of experience gained in the entire game.
 F = Experience gained in this place divided by the number of levels of this place that you have seen.
                   A       B       C       D       E      F
               +-------+-------+-------+-------+-------+----------------------
         Total | 100.0 | 100.0 |   N/A |   N/A | 100.0 | 2401.4
       Dungeon |  73.5 |  73.5 |   N/A |   N/A |  37.9 | 1313.9
          Lair |  25.8 |  25.8 |   N/A |   N/A |  59.0 | 6135.7
     Snake Pit |   0.7 |   0.7 |   N/A |   N/A |   3.2 | 986.0
               +-------+-------+-------+-------+-------+----------------------

Table legend: (Time is in decaauts)
 A = Elapsed time spent in this place.
 B = Non-inter-level travel time spent in this place.
 C = Inter-level travel time spent in this place.
 D = Time resting spent in this place.
 E = Time spent auto-exploring this place.
 F = Levels seen in this place.
 G = Mean time per level.
                   A        B        C        D        E       F      G
               +--------+--------+--------+--------+--------+-----+--------+
         Total |  10873 |  10525 |    348 |   1188 |   7777 |  13 |  836.4 |
       Dungeon |   7392 |   7061 |    331 |      0 |   5995 |   9 |  821.3 |
          Lair |   3453 |   3436 |     17 |   1188 |   1782 |   3 | 1151.0 |
     Snake Pit |     27 |     27 |      0 |      0 |      0 |   1 |   27.0 |
               +--------+--------+--------+--------+--------+-----+--------+

Top non-repeatable levels by time:
  Lair:2: 2509 daAuts
     D:9: 1192 daAuts
     D:5: 1097 daAuts
     D:8: 1014 daAuts
     D:6: 951 daAuts
  Lair:1: 874 daAuts
     D:7: 863 daAuts
     D:3: 661 daAuts
     D:2: 588 daAuts
     D:1: 559 daAuts
     D:4: 462 daAuts
  Lair:3: 69 daAuts
 Snake:1: 27 daAuts
